General information
- name: BNet
- type: Ladder 1vs1/FFA
- host: Battle.net
- saver:
map: TwistedMeadows
- players: 2
- length: 172:53
- speed: Fast
- version: 1.26 W3XP
- replay type: Public
» download(446 KB)
Players
team 1 (winner)
Captorhinus (
yellow | 48 APM | 8202 actions | 170:03)
6 Demon Hunter
2 Immolation
3 Mana Burn
1 Metamorphosis
5 Priestess of the Moon
3 Trueshot Aura
2 Scout
3 Warden
2 Blink
1 Shadow Strike
» actions
| Assign group hotkey | 68 | |
| Basic commands | 14 | |
| Build / train | 277 | |
| ESC pressed | 2 | |
| Enter build submenu | 60 | |
| Enter hero's abilities submenu | 14 | |
| Give item / drop item | 9 | |
| Remove unit from queue | 8 | |
| Right click | 2944 | |
| Select / deselect | 1329 | |
| Select group hotkey | 3157 | |
| Use ability | 320 | |
8202 total
» units
| Wisp | 69 | |
| Archer | 77 | |
| Hippogryph | 56 | |
| Goblin Zeppelin | 2 | |
| Goblin Sapper | 1 | |
| Chimaera | 8 | |
| Glaive Thrower | 1 | |
214 total
» upgrades
| Strength of the Moon | 3 | |
| Moon Armor | 3 | |
| Improved Bows | 1 | |
| Hippogryph Taming | 1 | |
| Strength of the Wild | 3 | |
| Marksmanship | 1 | |
| Nature's Blessing | 1 | |
| Corrosive Breath | 1 | |
| Reinforced Hides | 3 | |
| Well Spring | 1 | |
| Ultravision | 1 | |
| Druid of the Talon Training | 1 | |
20 total
» buildings
| Moon Well | 15 | |
| Altar of Elders | 3 | |
| Ancient of Wonders | 1 | |
| Ancient of War | 2 | |
| Hunter's Hall | 2 | |
| Ancient Protector | 13 | |
| Tree of Ages | 1 | |
| Ancient of Wind | 1 | |
| Tree of Life | 16 | |
| Tree of Eternity | 1 | |
| Chimaera Roost | 1 | |
56 total
» build order
00:23 Moon Well
00:36 Altar of Elders
00:52 Ancient of Wonders
01:21 Moon Well
02:04 Moon Well
02:26 Ancient of War
02:31 Ancient of War
02:49 Moon Well
03:01 Moon Well
04:07 Moon Well
04:13 Moon Well
06:31 Hunter's Hall
07:47 Ancient Protector
08:11 Tree of Ages
09:33 Ancient Protector
13:32 Ancient of Wind
14:17 Tree of Life
16:24 Tree of Life
19:12 Tree of Eternity
20:17 Ancient Protector
23:13 Tree of Life
29:14 Tree of Life
29:18 Ancient Protector
29:21 Ancient Protector
29:24 Ancient Protector
30:25 Moon Well
30:28 Moon Well
30:31 Moon Well
32:54 Tree of Life
34:13 Tree of Life
35:44 Ancient Protector
40:18 Tree of Life
44:20 Tree of Life
44:42 Tree of Life
45:05 Chimaera Roost
48:26 Hunter's Hall
50:20 Tree of Life
50:33 Ancient Protector
51:50 Ancient Protector
53:29 Ancient Protector
55:23 Ancient Protector
61:29 Tree of Life
63:05 Tree of Life
76:08 Tree of Life
83:19 Ancient Protector
83:26 Ancient Protector
92:37 Tree of Life
95:31 Moon Well
96:54 Moon Well
97:36 Altar of Elders
97:47 Moon Well
101:16 Tree of Life
102:19 Moon Well
102:22 Moon Well
105:42 Tree of Life
107:53 Altar of Elders
» items
| Staff of Teleportation | 2 | |
| Boots of Speed | 2 | |
| Scroll of Protection | 1 | |
| Scroll of Town Portal | 11 | |
| Orb of Venom | 1 | |
17 total
team 2 (loser)
bugaloo (
green | 50 APM | 8681 actions | 172:53)
9 Archmage
3 Blizzard
3 Brilliance Aura
1 Mass Teleport
2 Summon Water Elemental
9 Blood Mage
3 Flame Strike
3 Siphon Mana
1 Summon Phoenix
2 Banish
8 Dark Ranger
3 Life Drain
3 Silence
1 Charm
1 Black Arrow
» actions
| Assign group hotkey | 80 | |
| Basic commands | 406 | |
| Build / train | 345 | |
| ESC pressed | 19 | |
| Enter build submenu | 125 | |
| Enter hero's abilities submenu | 26 | |
| Give item / drop item | 30 | |
| Remove unit from queue | 6 | |
| Right click | 3125 | |
| Select / deselect | 2108 | |
| Select group hotkey | 1188 | |
| Use ability | 1223 | |
8681 total
» units
| Peasant | 32 | |
| Goblin Shredder | 4 | |
| Dragonhawk Rider | 21 | |
| Goblin Zeppelin | 4 | |
| Sorceress | 2 | |
| Wisp | 91 | |
| Goblin Sapper | 4 | |
| Druid of the Talon | 3 | |
| Mud Golem | 1 | |
| Ogre Mauler | 10 | |
172 total
» upgrades
| Masonry | 3 | |
| Gunpowder | 3 | |
| Armor | 3 | |
| Magic Sentry | 1 | |
| Cloud | 1 | |
| Animal War Training | 1 | |
| Sorceress Training | 2 | |
| Storm Hammers | 1 | |
| Swords | 3 | |
| Nature's Blessing | 1 | |
| Druid of the Talon Training | 2 | |
| Hippogryph Taming | 1 | |
| Mark of the Talon | 1 | |
| Well Spring | 1 | |
| Strength of the Wild | 1 | |
| Reinforced Hides | 1 | |
26 total
» buildings
| Altar of Kings | 2 | |
| Farm | 27 | |
| Arcane Vault | 3 | |
| Scout Tower | 119 | |
| Lumber Mill | 3 | |
| Arcane Tower | 7 | |
| Guard Tower | 39 | |
| Town Hall | 4 | |
| Keep | 2 | |
| Blacksmith | 1 | |
| Castle | 2 | |
| Gryphon Aviary | 9 | |
| Arcane Sanctum | 2 | |
| Barracks | 1 | |
| Tree of Life | 7 | |
| Tree of Ages | 1 | |
| Altar of Elders | 1 | |
| Tree of Eternity | 1 | |
| Ancient of Wind | 4 | |
| Hunter's Hall | 1 | |
| Ancient of Wonders | 1 | |
| Moon Well | 5 | |
242 total
» build order
00:05 Altar of Kings
00:27 Farm
00:28 Farm
00:47 Arcane Vault
01:12 Scout Tower
01:19 Lumber Mill
02:04 Arcane Tower
02:20 Farm
02:46 Scout Tower
03:17 Scout Tower
03:20 Scout Tower
03:21 Guard Tower
03:50 Arcane Tower
04:16 Town Hall
04:19 Scout Tower
04:19 Scout Tower
04:26 Scout Tower
04:38 Guard Tower
04:42 Scout Tower
04:42 Scout Tower
04:56 Arcane Tower
05:06 Guard Tower
05:10 Scout Tower
05:16 Scout Tower
05:17 Guard Tower
05:27 Guard Tower
05:36 Scout Tower
05:37 Guard Tower
05:38 Scout Tower
05:48 Guard Tower
05:50 Scout Tower
06:14 Guard Tower
06:37 Guard Tower
06:39 Guard Tower
06:41 Scout Tower
06:42 Scout Tower
07:40 Keep
07:50 Scout Tower
07:51 Scout Tower
07:52 Scout Tower
07:53 Scout Tower
07:54 Scout Tower
07:55 Scout Tower
07:56 Scout Tower
07:56 Scout Tower
07:57 Scout Tower
08:02 Scout Tower
08:04 Blacksmith
08:30 Arcane Tower
09:06 Guard Tower
09:26 Guard Tower
09:40 Guard Tower
10:17 Arcane Vault
11:01 Farm
11:41 Arcane Tower
11:58 Guard Tower
12:38 Guard Tower
12:57 Castle
13:25 Town Hall
14:32 Gryphon Aviary
14:35 Gryphon Aviary
14:38 Gryphon Aviary
15:02 Arcane Sanctum
15:28 Barracks
15:51 Farm
15:54 Farm
20:00 Farm
20:01 Farm
20:01 Farm
20:01 Farm
20:15 Farm
23:34 Gryphon Aviary
23:34 Gryphon Aviary
26:22 Gryphon Aviary
26:24 Gryphon Aviary
26:25 Scout Tower
26:27 Scout Tower
26:28 Scout Tower
27:10 Scout Tower
27:10 Scout Tower
27:11 Scout Tower
28:27 Scout Tower
28:27 Scout Tower
28:28 Scout Tower
28:28 Scout Tower
28:29 Scout Tower
28:30 Scout Tower
28:31 Scout Tower
28:32 Scout Tower
28:33 Scout Tower
28:36 Town Hall
29:10 Guard Tower
30:04 Guard Tower
30:06 Arcane Tower
30:07 Arcane Tower
30:08 Guard Tower
37:20 Scout Tower
37:21 Scout Tower
37:21 Scout Tower
37:28 Scout Tower
37:29 Scout Tower
38:29 Guard Tower
46:25 Scout Tower
46:27 Scout Tower
46:29 Scout Tower
46:29 Scout Tower
46:30 Scout Tower
47:11 Guard Tower
47:15 Scout Tower
47:15 Scout Tower
47:17 Scout Tower
47:18 Scout Tower
47:20 Scout Tower
47:21 Scout Tower
47:52 Guard Tower
47:54 Scout Tower
47:58 Scout Tower
48:00 Scout Tower
48:01 Scout Tower
48:07 Scout Tower
48:08 Scout Tower
48:11 Town Hall
48:37 Guard Tower
48:41 Altar of Kings
49:21 Guard Tower
49:35 Scout Tower
49:36 Scout Tower
49:37 Scout Tower
49:38 Scout Tower
50:20 Guard Tower
50:22 Scout Tower
50:24 Scout Tower
51:45 Guard Tower
51:49 Scout Tower
51:51 Scout Tower
51:51 Scout Tower
51:53 Scout Tower
51:54 Scout Tower
52:04 Scout Tower
52:05 Scout Tower
52:06 Scout Tower
52:08 Scout Tower
52:08 Scout Tower
52:10 Scout Tower
52:45 Guard Tower
52:48 Guard Tower
52:50 Guard Tower
53:11 Keep
53:14 Guard Tower
53:22 Scout Tower
53:23 Scout Tower
53:24 Scout Tower
53:24 Scout Tower
53:26 Scout Tower
53:27 Scout Tower
53:27 Scout Tower
53:28 Scout Tower
53:28 Scout Tower
53:29 Scout Tower
53:30 Scout Tower
53:31 Scout Tower
54:00 Guard Tower
54:44 Guard Tower
54:49 Scout Tower
54:50 Scout Tower
54:51 Scout Tower
55:14 Scout Tower
55:15 Guard Tower
55:16 Scout Tower
55:21 Scout Tower
55:24 Scout Tower
55:27 Scout Tower
55:28 Scout Tower
57:35 Guard Tower
57:49 Castle
62:29 Scout Tower
62:30 Scout Tower
62:30 Scout Tower
62:31 Scout Tower
62:32 Scout Tower
62:33 Scout Tower
62:34 Scout Tower
62:35 Scout Tower
62:35 Scout Tower
62:36 Scout Tower
62:37 Scout Tower
62:38 Scout Tower
62:39 Scout Tower
62:40 Scout Tower
62:41 Scout Tower
62:42 Scout Tower
63:54 Guard Tower
64:20 Guard Tower
64:22 Guard Tower
64:33 Guard Tower
69:54 Farm
69:56 Farm
69:57 Farm
70:45 Farm
70:47 Farm
70:48 Farm
70:49 Farm
70:50 Farm
70:52 Farm
71:11 Farm
71:42 Arcane Vault
72:09 Lumber Mill
73:27 Gryphon Aviary
73:37 Gryphon Aviary
73:48 Arcane Sanctum
73:57 Scout Tower
73:58 Scout Tower
76:45 Tree of Life
79:41 Guard Tower
81:03 Tree of Life
85:19 Tree of Ages
85:21 Altar of Elders
94:58 Tree of Eternity
101:04 Ancient of Wind
101:05 Ancient of Wind
101:07 Ancient of Wind
101:22 Hunter's Hall
101:35 Ancient of Wind
102:48 Farm
103:02 Ancient of Wonders
103:31 Farm
105:24 Farm
107:11 Farm
107:46 Moon Well
108:01 Moon Well
108:03 Moon Well
108:04 Moon Well
108:07 Moon Well
110:00 Farm
115:20 Farm
128:41 Lumber Mill
152:20 Tree of Life
152:23 Tree of Life
152:29 Tree of Life
152:39 Tree of Life
152:41 Tree of Life
» items
| Mechanical Critter | 3 | |
| Lesser Clarity Potion | 7 | |
| Scroll of Regeneration | 21 | |
| Staff of Teleportation | 3 | |
| Potion of Healing | 7 | |
| Scroll of Town Portal | 8 | |
| Periapt of Vitality | 2 | |
| Boots of Speed | 1 | |
| Scroll of Healing | 1 | |
| Potion of Mana | 1 | |
| Staff of Sanctuary | 3 | |
57 total
Chat log
(64:06 / All) Captorhinus: why do that??
(64:14 / All) Captorhinus: attack your own baeses
(64:23 / All) bugaloo: me no english
(86:22 / All) bugaloo: why are you so bad at this game
(86:23 / All) bugaloo: lol
(87:16 / All) bugaloo: its not like youre brand new
(87:24 / All) bugaloo: your record says you played over 800 games
(87:27 / All) bugaloo: thats a lot of games
(87:33 / All) bugaloo: to have still no learned how to play
(87:35 / All) Captorhinus: true
(87:43 / All) bugaloo: are you brain damaged or something
(88:05 / All) bugaloo: apparently
(88:13 / All) bugaloo: since you speak english but cant understand my question
(89:50 / All) bugaloo: yawn
(89:52 / All) bugaloo: why are you still trying
(90:40 / All) bugaloo: lol tower kills
(90:41 / All) bugaloo: no experience
(91:40 / All) bugaloo: how much gold do you even have left
(91:41 / All) bugaloo: lol
(91:48 / All) bugaloo: i have over 27k
(91:58 / All) bugaloo: but then again i know about upkeep
(92:44 / All) bugaloo: really?
(92:45 / All) bugaloo: lol
(92:56 / All) bugaloo: you try too hard man
(94:18 / All) bugaloo: ez
(94:43 / All) bugaloo: zzz
(94:45 / All) bugaloo: ez
(95:36 / All) bugaloo: why are you still here
(95:36 / All) bugaloo: lol
(96:30 / All) bugaloo: dont you have starfall yet?
(97:23 / All) bugaloo: buh bye
(97:26 / All) bugaloo: noob
(98:00 / All) bugaloo: so angry you just HAVE to stay
(98:04 / All) bugaloo: "im gonna show him..."
(98:07 / All) bugaloo: lmao
(98:46 / All) bugaloo: lol @ desperate micro
(99:09 / All) bugaloo: TOO BAD HE GOT NO STRATEGY
(99:27 / All) bugaloo: have a phoenix
(100:33 / All) bugaloo: all dressed up and nowhere to go
(100:34 / All) bugaloo: still you stay
(100:46 / All) bugaloo: "must...vent...anger"
(103:15 / All) bugaloo: you know i still havent mined these gold mines right?
(103:16 / All) bugaloo: 10k in each
(103:52 / All) bugaloo: wow youre really trying hard
(103:54 / All) bugaloo: SO HAAARD
(103:56 / All) bugaloo: lol
(104:40 / All) bugaloo: lmao
(111:55 / All) bugaloo: neener
(112:53 / All) bugaloo: how do you expect to win
(113:07 / All) bugaloo: with retarded shit like that
(113:26 / All) bugaloo: ez ez ez
(113:53 / All) bugaloo: are you seriously going to try to drop
(114:47 / All) bugaloo: you think those matter?
(116:21 / All) bugaloo: thats your plan
(116:23 / All) bugaloo: kill the farms?
(119:50 / All) bugaloo: you know i could just steamroll that right?
(120:09 / All) bugaloo: i mean, if i wanted to end it
(120:59 / All) bugaloo: lol
(121:00 / All) bugaloo: fail
(122:37 / All) bugaloo: LOL
(122:38 / All) bugaloo: wow
(122:41 / All) bugaloo: youre so bad
(122:53 / All) bugaloo: how can you lose a warden so many times
(123:13 / All) bugaloo: seriously
(123:15 / All) bugaloo: uninstall
(123:24 / All) bugaloo: youll never be good at this
(123:30 / All) bugaloo: its too cerebral for you
(127:19 / All) Captorhinus: i've never met a play who is such a coward at this game. if you want to finish it. finish it. I'm as bored as you are.
(127:24 / All) bugaloo: too long
(127:25 / All) bugaloo: didnt read
(127:29 / All) bugaloo: internet tough guy typing
(128:03 / All) bugaloo: nerd ragequitting in 3
(128:04 / All) bugaloo: 2
(128:05 / All) bugaloo: 1
(128:07 / All) bugaloo: aw
(130:07 / All) bugaloo: wow you love wasting gold
(130:44 / All) bugaloo: so if youre so bored why not just leave
(131:02 / All) bugaloo: you really care that much of a video game
(131:08 / All) bugaloo: i wont think less of you
(131:12 / All) bugaloo: if you piss your pants and run
(131:25 / All) bugaloo: LOL TRAPPED
(131:29 / All) bugaloo: god youre so bad
(131:36 / All) bugaloo: you didnt even move when i t
(131:37 / All) bugaloo: p
(131:45 / All) Captorhinus: mouse quit
(131:48 / All) bugaloo: mm hm
(131:53 / All) bugaloo: did it quit when the game started?
(132:06 / All) bugaloo: im trying to understand your string of horrible decisions
(132:31 / All) bugaloo: that was a fast battery change
(132:56 / All) bugaloo: not like you were making a lame excuse for sucking
(132:58 / All) bugaloo: or anything like that
(133:18 / All) bugaloo: yawn
(133:32 / All) bugaloo: this is like legendary terribleness
(133:59 / All) bugaloo: never seen someone lose a lvl 3 warden at night
(134:04 / All) bugaloo: even computers dont do that
(134:23 / All) bugaloo: did your mouse quit again?
(135:32 / All) bugaloo: maybe you should take down some more farms
(135:34 / All) bugaloo: then youll win
(136:06 / All) bugaloo: why do you have such a hardon for archers
(136:12 / All) bugaloo: they suck
(136:15 / All) bugaloo: well it is you
(138:56 / All) bugaloo: nuh uh
(139:02 / All) bugaloo: killing your own shit counts as ragequitting
(139:07 / All) bugaloo: none of that here
(139:13 / All) bugaloo: you have to quit like a real nerd
(143:42 / All) bugaloo: you never answered
(143:44 / All) bugaloo: why you're still here
(160:55 / All) bugaloo: 100 wisps on lumber
(161:06 / All) bugaloo: lets see how much we get before you get over this game